 Dungeon Crawl Stone Soup version 0.20.1-1-g8b1a95d (webtiles) character file.

67 McKennaii the Conjurer (level 3, 0/27 HPs)
             Began as a Draconian Conjurer on July 30, 2017.
             Slain by a gnoll
             ... wielding a +0 whip
              (7 damage)
             ... on level 1 of the Dungeon.
             The game lasted 00:02:50 (1680 turns).

McKennaii the Conjurer (Draconian Conjurer)         Turns: 1680, Time: 00:02:51

Health: 0/27       AC:  6    Str: 10    XL:     3   Next: 98%
Magic:  0/6        EV: 12    Int: 16    God:
Gold:   85         SH:  0    Dex: 13    Spells: 5/6 levels left

rFire    . . .     SeeInvis .   (no weapon)
rCold    . . .     Gourm    .   (no shield)
rNeg     . . .     Faith    .   (armour unavailable)
rPois    .         Spirit   .   (helmet restricted)
rElec    .         Reflect  .   (no cloak)
rCorr    .         Harm     .   (no gloves)
MR       .....                  d - +0 pair of boots
Stlth    ++........             n - amulet of rage
Regen    0.1/turn               h - +2 ring of dexterity
MPRegen  0.1/turn               (no ring)

@: no status effects
A: unfitting armour, cold-blooded, AC +5
a: Evoke Berserk Rage


You were on level 1 of the Dungeon.
You were hungry.

You visited 1 branch of the dungeon, and saw 2 of its levels.

You collected 85 gold pieces.

Inventory:

Armour
 d - a +0 pair of boots (worn)
Jewellery
 h - a +2 ring of dexterity (left hand)
 n - an amulet of rage (around neck)
Scrolls
 c - 5 scrolls of identify
 e - a scroll of enchant armour {unknown}
 f - 2 scrolls of remove curse {unknown}
 j - a scroll of blinking {unknown}
 k - a scroll of fog {unknown}
Potions
 g - 3 potions of cancellation {unknown}
 i - a potion of heal wounds {unknown}
 l - a potion of might {unknown}
Books
 a - a book of Conjurations

   Spells                             Type                      Level
   a - Magic Dart                     Conjuration                  1
   b - Searing Ray                    Conjuration                  2
   c - Dazzling Spray                 Conjuration/Hexes            3
   d - Fulminant Prism                Conjuration/Hexes            4
   e - Force Lance                    Conjuration/Translocation    4
   f - Iskenderun's Mystic Blast      Conjuration                  4
Comestibles
 b - a bread ration
 m - a meat ration
 o - a chunk of flesh


   Skills:
 + Level 0.4 Fighting
 + Level 2.1 Dodging
 + Level 2.1 Stealth
 + Level 2.3 Spellcasting
 + Level 5.0 Conjurations


You had 5 spell levels left.
You knew the following spells:

 Your Spells              Type           Power        Failure   Level  Hunger
a - Magic Dart            Conj           ###.         2%          1    #......


Dungeon Overview and Level Annotations

Branches:
Dungeon (2/15)

Altars:
The Shining One


Innate Abilities, Weirdness & Mutations

Your plain brown scales are hard. (AC +5)
You cannot fit into any form of body armour.
You are cold-blooded and may be slowed by cold attacks.


Message History

The gnoll barely misses you.
Casting: Magic Dart
Confirm with . or Enter, or press ? or * to list all spells.
Aiming: Magic Dart
Press: ? - help, Shift-Dir - straight line, f/p - gnoll
Aim: a gnoll, wielding a whip (severely wounded)
The magic dart hits the gnoll.
The gnoll is severely wounded.
The gnoll hits you with a whip.
* * * LOW HITPOINT WARNING * * *
You completely miss the gnoll.
The gnoll is severely wounded.
The gnoll barely misses you.
You hit the gnoll but do no damage.
The gnoll is severely wounded.
The gnoll closely misses you.
You closely miss the gnoll. You tail-slap the gnoll.
The gnoll is almost dead.
The gnoll hits you with a whip!
You die...

####### #.....# ####
#.....# #... #.....#
#... #.....# #...
##.....########...
#@)...............
#g########........
#####)#(..# #........
#.....(...# #....†)..
#.....(...####....[...
#.....(...'..'........
#.........####........
#.........# #........
#.........# #........


You could see a gnoll.

Vanquished Creatures
  Jessica (D:2)
  A gnoll (D:1)
  A dart slug (D:1)
  A leopard gecko (D:1)
  A ball python (D:1)
  3 giant cockroaches
  A hobgoblin (D:1)
  4 jackals (D:1)
  7 kobolds
  2 bats (D:1)
  A frilled lizard (D:2)
  2 goblins (D:1)
  4 rats (D:1)
29 creatures vanquished.

Notes
Turn   | Place    | Note
-------+----------+-------------------------------------------
     0 | D:1      | McKennaii the Draconian Conjurer began the quest for the Orb.
     0 | D:1      | Reached XP level 1. HP: 14/14 MP: 3/3
   166 | D:1      | Reached XP level 2. HP: 8/20 MP: 5/5
   527 | D:1      | Found a glowing golden altar of the Shining One.
  1241 | D:2      | Reached XP level 3. HP: 26/26 MP: 3/6
  1386 | D:2      | Noticed Jessica
  1392 | D:2      | Killed Jessica
  1560 | D:1      | Reached skill level 5 in Conjurations
  1680 | D:1      | Slain by a gnoll

Skill      XL: |  1  2  3 |
---------------+----------+-----
Stealth        | 2 |  2.1
Dodging        | 2 |  2.1
Conjurations   | 5 |  5.0
Fighting       | |  0.4
Spellcasting   | |  2.3

Action                   || total
-------------------------++-------
Melee: Unarmed           ||    73
       Tailslap          ||     9
 Cast: Magic Dart        ||    70
  Use: Scroll            ||     1
  Eat: Chunk             ||     3
Armor: Skin              ||    35
Dodge: Dodged            ||    82
